 Dungeon Crawl Stone Soup version 0.28.0-53-g5a82cb258f (webtiles) character file.

Game seed: 2255444412527620326

18 Descartes the Conjurer (level 2, 0/17 HPs)
             Began as an Octopode Wanderer on June 22, 2022.
             Slain by a ball python (1 damage)
             ... on level 1 of the Dungeon.
             The game lasted 00:01:24 (323 turns).

Descartes the Conjurer (Octopode Wanderer)           Turns: 323, Time: 00:01:24

Health: 0/17       AC:  1    Str:  9    XL:     2   Next: 66%
Magic:  6/6        EV: 12    Int: 14    God:
Gold:   7          SH:  4    Dex: 13    Spells: 6/7 levels left

rFire   . . .      SeeInvis .   a - +0 dagger
rCold   . . .      Faith    .   b - +0 buckler
rNeg    . . .      Spirit   .   (helmet restricted)
rPois   .          Reflect  .   (no amulet)
rElec   .          Harm     .   (no ring)
rCorr   .          Rampage  .   (no ring)
Will    .....                   (no ring)
Stlth   +++.......              (no ring)
HPRegen 0.05/turn               (no ring)
MPRegen 0.10/turn               (no ring)
                                (no ring)
                                (no ring)

@: no status effects
A: almost no armour, amphibious, 8 rings, camouflage 1, gelatinous body 1,
(nimble swimmer 1), tentacles
a: no special abilities


You were on level 1 of the Dungeon.
You visited 1 branch of the dungeon, and saw 2 of its levels.

You collected 7 gold pieces.

Inventory:

Hand Weapons
 a - a +0 dagger (weapon)
Armour
 b - a +0 buckler (worn)
Scrolls
 c - a scroll of acquirement {unknown}
 d - a scroll of noise {unknown}


   Skills:
 + Level 0.4 Short Blades
 + Level 1.1 Dodging
 + Level 1.0 Stealth
 + Level 1.2 Shields
 + Level 3.0 Spellcasting
 + Level 3.1 Conjurations
 + Level 2.2 Translocations
 + Level 0.5 Air Magic


You had 6 spell levels left.
You knew the following spells:

 Your Spells              Type           Power      Damage    Failure   Level
a - Shock                 Conj/Air       28%        1d4       13%         1

Your spell library contained the following spells:

 Spells                   Type           Power      Damage    Failure   Level
 Apportation              Tloc           16%        N/A       12%         1
 Static Discharge         Conj/Air       7%         N/A       21%         2
 Stone Arrow              Conj/Erth      12%        3d7       41%         3
 Portal Projectile        Hex/Tloc       10%        N/A       47%         3


Dungeon Overview and Level Annotations

Branches:
Dungeon (2/15)

Altars:


Innate Abilities, Weirdness & Mutations

You cannot wear most types of armour.
You are amphibious.
You can wear up to eight rings at the same time.
Your skin changes colour to match your surroundings (Stealth+).
Your rubbery body absorbs attacks. (AC +1, EV +1)
((You are camouflaged when in or above water. (Stealth+)))
You have tentacles for arms and can constrict up to eight enemies at once.


Message History

You hit the adder.
The adder is heavily wounded.
You constrict the adder. The adder bites you.
You are poisoned.
The adder poisons you!
You are too injured to fight recklessly!
You are too injured to fight recklessly!
You are too injured to fight recklessly!
You are too injured to fight recklessly!
Unknown command.
You barely miss the adder.
The adder is severely wounded.
You constrict the adder.
You feel sick. The adder closely misses you. The adder barely misses you.
You hit the adder.
You kill the adder!
You feel sick.
Your Stealth skill increases to level 1!
Found a stone staircase leading down.
* * * LOW HITPOINT WARNING * * *
You feel sick.
Unknown command.
* * * LOW HITPOINT WARNING * * *
You feel sick.
* * * LOW HITPOINT WARNING * * *
You feel sick.
* * * LOW HITPOINT WARNING * * *
You feel sick.
* * * LOW HITPOINT WARNING * * *
You feel sick.
You are no longer poisoned.
A dart slug comes into view.
There is a stone staircase leading up here.
You climb upwards.
The ball python hisses angrily.
There is a stone staircase leading down here.
A ball python is nearby!
You closely miss the ball python. You grab the ball python.
You constrict the ball python. The ball python bites you.
You die...

#####.#
#.S...#
#@#
#.......P
######...


You could see a ball python.

Vanquished Creatures
  An adder (D:2)
  A hobgoblin (D:2)
  3 quokkas
  A ball python (D:2)
  A frilled lizard (D:1)
  A kobold (D:2)
  2 rats
10 creatures vanquished.

Notes
Turn   | Place    | Note
-------+----------+-------------------------------------------
     0 | D:1      | Descartes the Octopode Wanderer began the quest for the
                  | Orb.
     0 | D:1      | Descartes set off with the following items: a +0 dagger, a
                  | +0 buckler; and the following spells available to memorise:
                  | Apportation, Shock, Static Discharge, Stone Arrow, Portal
                  | Projectile
     0 | D:1      | Reached XP level 1. HP: 11/11 MP: 4/4
     2 | D:1      | Learned a level 1 spell: Shock
   131 | D:1      | You fall into a shaft and drop 1 floor!
   178 | D:2      | Reached XP level 2. HP: 11/17 MP: 6/6
   312 | D:2      | Reached skill level 1 in Stealth
   323 | D:1      | Slain by a ball python

Illustrated notes

Levels and vault maps discovered:
D:1:      dpeg_arrival_simpleton_c, layout_loops_ring,
          hellmonk_ecumenical_altar_inner_sanctum, st_stairs_7,
          minmay_misc_feat_plants
D:2:      layout_loops_cross, serial_shops, nicolae_shop_stone,
          nicolae_shop_trees

Skill      XL: |  1  2 |
---------------+-------+-----
Stealth        | 1 |  1.0
Short Blades   | |  0.4
Dodging        | |  1.1
Shields        | |  1.2
Spellcasting   | |  3.0
Conjurations   | |  3.1
Translocations | |  2.2
Air Magic      | |  0.5

Action                   || total
-------------------------++-------
Melee: Dagger            ||    23
       Constrict         ||     7
       Tentacles         ||     3
 Stab: Sleeping          ||     6
Armor: Skin              ||     1
Dodge: Dodged            ||    10
Block: Buckler           ||     4
